 Dungeon Crawl Stone Soup version 0.21-b1-21-g86478ac (webtiles) character file.

104 microfolk the Chopper (level 4, -9/41 HPs)
             Began as a Hill Orc Monk on Jan 4, 2018.
             Was a Believer of Beogh.
             Blown up by Ijyb (19 damage)
             ... with a wand of disintegration (10)
             ... on level 4 of the Dungeon.
             The game lasted 00:14:43 (4802 turns).

microfolk the Chopper (Hill Orc Monk)               Turns: 4802, Time: 00:14:44

Health: -9/41      AC:  5    Str: 14    XL:     4   Next: 80%
Magic:  4/4        EV: 11    Int: 10    God:    Beogh [**....]
Gold:   227        SH:  3    Dex: 13    Spells: 3/3 levels left

rFire    . . .     SeeInvis .   a - +0 hand axe
rCold    . . .     Gourm    .   (no shield)
rNeg     . . .     Faith    .   o - +0 ring mail
rPois    .         Spirit   .   (no helmet)
rElec    .         Reflect  +   (no cloak)
rCorr    .         Harm     .   (no gloves)
MR       .....                  (no boots)
Stlth    +.........             m - +3 amulet of reflection (curse)
HPRegen  0.13/turn              (no ring)
MPRegen  0.09/turn              (no ring)

@: about to teleport
A: no striking features
a: Smiting, Renounce Religion


You were on level 4 of the Dungeon.
You worshipped Beogh.
Beogh was pleased with you.
You were not hungry.

You visited 1 branch of the dungeon, and saw 4 of its levels.

You collected 227 gold pieces.

Inventory:

Hand Weapons
 a - a +0 hand axe (weapon)
 b - a +0 hunting sling
 u - a +0 war axe
Missiles
 d - 108 stones (quivered)
Armour
 l - a +0 leather armour
 o - a +0 ring mail (worn)
Jewellery
 m - a cursed +3 amulet of reflection (around neck)
Scrolls
 g - 2 scrolls of magic mapping
 j - a scroll of remove curse
 k - a scroll of amnesia {unknown}
 p - a scroll of enchant armour {unknown}
 r - 2 scrolls of immolation
 x - a scroll of fear {unknown}
Potions
 f - a potion of agility
 h - 2 potions of might {unknown}
 i - a potion of mutation {unknown}
 n - a potion of resistance {unknown}
 q - a potion of haste {unknown}
 s - 2 potions of flight
 t - a potion of lignification {unknown}
 v - a potion of curing {unknown}
 w - a potion of degeneration {unknown}
Comestibles
 c - 3 rations


   Skills:
 + Level 4.6 Fighting
 + Level 5.2 Axes
 + Level 0.7 Slings
 + Level 2.3 Armour
 - Level 2.4 Dodging
 - Level 1.5 Stealth


You had 3 spell levels left.
You didn't know any spells.

Dungeon Overview and Level Annotations

Branches:
Dungeon (4/15)
 Temple: D:4-7

Altars:

Annotations:
D:4 Glamhuggeren's ghost, amateur KoEn; Ijyb


Message History

There is an open door here.
You hit Ijyb but do no damage.
Ijyb screams, "It's all mine!"
Ijyb zaps a wand.
You are blasted!
You hit Ijyb.
Ijyb is moderately wounded.
Ijyb screams, "Get away!"
Ijyb hits you.
You are too injured to fight recklessly!
You hit Ijyb.
Ijyb is moderately wounded.
Ijyb hits you.
You hit Ijyb.
Ijyb is heavily wounded.
Ijyb hits you.
* * * LOW HITPOINT WARNING * * *
As you read the scroll of teleportation, it crumbles to dust.
You feel strangely unstable. Ijyb completely misses you.
Ijyb zaps a wand.
You are blasted!
You die...

#............
#............
#.<..........
#............ ##
#........######.#
#........#..#...#
#........#..#...#
#........#..'g..#
#........#.@#...#
#........#..#.<.#
#[.......#'######
#................#
#................#
#................#
#................#
#................#
#................#


You could see Ijyb.

Vanquished Creatures
  3 gnolls
  2 adders (D:2)
  A worm (D:2)
  2 dart slugs
  2 leopard geckos
  5 orcs (D:3)
  A ball python (D:1)
  3 giant cockroaches
  5 goblins
  3 hobgoblins (D:1)
  4 bats
  3 frilled lizards
  6 kobolds
  5 rats
  A fungus (D:2)
46 creatures vanquished.

Vanquished Creatures (others)
  2 orcs (D:3)
  A fungus (D:2)
3 creatures vanquished.

Grand Total: 49 creatures vanquished

Notes
Turn   | Place    | Note
-------+----------+-------------------------------------------
     0 | D:1      | microfolk the Hill Orc Monk began the quest for the Orb.
     0 | D:1      | Reached XP level 1. HP: 19/19 MP: 1/1
    64 | D:1      | Reached XP level 2. HP: 24/27 MP: 2/2
   169 | D:1      | Reached skill level 1 in Armour
  1427 | D:2      | Reached XP level 3. HP: 33/33 MP: 3/3
  3171 | D:3      | Reached XP level 4. HP: 40/41 MP: 4/4
  3212 | D:3      | Reached skill level 5 in Axes
  3217 | D:3      | Became a worshipper of Beogh the Brigand
  3217 | D:3      | Reached * piety under Beogh
  3217 | D:3      | Reached ** piety under Beogh
  4506 | D:4      | Noticed Glamhuggeren's ghost (amateur KoEn)
  4589 | D:4      | Noticed Ijyb
  4802 | D:4      | Blown up by Ijyb

Skill      XL: |  1  2  3  4 |
---------------+-------------+-----
Armour         | 1 2 |  2.3
Fighting       | 4 |  4.6
Axes           | 5 |  5.2
Slings         | |  0.7
Dodging        | |  2.4
Stealth        | |  1.5

Action                   |  1- 3 |  4- 6 || total
-------------------------+-------+-------++-------
Melee: Hand axe          |   150 |    42 ||   192
 Fire: Hunting sling     |     3 |    11 ||    14
Invok: Convert to Beogh  |       |     1 ||     1
  Use: Scroll            |     2 |     5 ||     7
 Stab: Sleeping          |     5 |       ||     5
  Eat: Ration            |     1 |     1 ||     2
       Chunk             |     4 |     3 ||     7
Armor: Robe              |     8 |       ||     8
       Leather armour    |    14 |       ||    14
       Ring mail         |    19 |     4 ||    23
Dodge: Dodged            |    89 |    22 ||   111
